AoeStats
← bullseyes

Nomad

505840683Analyzed
4v4 RM · 22d ago on Sep 11, 2026· 37m 11s· 8 players
Game mode
Random Map
Map size
231×231
Population
200
Speed
Normal
Resources
Standard
Victory
Conquest
Starting age
Dark Age
Ending age
Imperial Age
RankedLock teamsTeams togetherTeam positionsShared explorationLock speedFull tech treeHidden civsTurbo modeCheats
Victory
Defeat
🇨🇳 Celts · China
1729
+5
🇨🇳 Lithuanians · China
1649
+8
🇧🇪 Chinese · Belgium
1603
+9
🇨🇳 Burmese · China
1494
+12
🇬🇧 Britons · United Kingdom
1525
-11
🇻🇳 Vikings · Vietnam
1435
-8
🇪🇸 Slavs · Spain
1431
-8
🇨🇳 Bulgarians · China
1376
-7
爱人跟人走
4:52 Loom
14:26 Feudal Age
18:15 Castle Age
17:42 Double-Bit Axe
17:53 Fishing Lines
18:48 Scale Barding Armor
21:25 Chain Barding Armor
23:36 Forging
23:28 Husbandry
26:34 Horse Collar
31:45 Heavy Plow
32:59 Bow Saw
35:51 Gold Mining
37:24 Gold Shaft Mining
36:54 Town Watch
37:46 Wheelbarrow
40:12 Imperial Age
海的盒子
5:17 Loom
19:05 Feudal Age
22:49 Fishing Lines
23:50 Wheelbarrow
28:40 Castle Age
28:10 Gold Mining
29:38 Medium Warships
29:21 Gillnets
31:46 Stone Mining
36:17 Imperial Age
33:50 Fletching
34:10 Horse Collar
35:07 Gold Shaft Mining
35:02 Hand Cart
35:20 Scale Mail Armor
37:18 Chain Mail Armor
37:05 Heavy Plow
36:38 Man-at-Arms
37:30 Forging
bullseyes
3:07 Loom
14:10 Feudal Age
15:02 Double-Bit Axe
15:01 Fishing Lines
15:59 Town Watch
17:07 Fletching
19:44 Castle Age
18:51 Stone Mining
20:26 Bodkin Arrow
21:01 Guard Tower
28:09 Wheelbarrow
28:14 Masonry
33:16 Horse Collar
36:52 Ballistics
十大地方
12:25 Feudal Age
13:02 Double-Bit Axe
14:09 Loom
14:54 Gold Mining
17:32 Castle Age
18:57 Bow Saw
21:31 Horse Collar
24:09 Heavy Plow
24:49 Wheelbarrow
25:50 Stone Mining
28:13 Hand Cart
27:43 Town Watch
31:07 Imperial Age
29:23 Bloodlines
29:13 Husbandry
30:10 Husbandry
31:09 Scale Barding Armor
31:14 Forging
32:56 Conscription
33:24 Chain Barding Armor
34:09 Stone Shaft Mining
34:40 Plate Barding Armor
34:30 Conscription
33:56 Elite Leitis
36:06 Iron Casting
35:37 Fletching
Gene_Parmesan__
5:11 Loom
11:55 Feudal Age
12:29 Double-Bit Axe
15:00 Horse Collar
20:33 Gold Mining
22:46 Castle Age
23:50 Medium Warships
24:49 Bow Saw
27:19 Man-at-Arms
28:19 Pikeman
30:34 Scale Mail Armor
32:14 Squires
36:44 Forging
Nhà vô địt Chow 007
4:31 Loom
12:42 Feudal Age
17:47 Castle Age
16:32 Double-Bit Axe
17:05 Man-at-Arms
17:31 Arson
17:59 Forging
17:32 Horse Collar
18:56 Long Swordsman
19:37 Squires
20:14 Gambesons
23:11 Scale Mail Armor
秦墨子
4:28 Loom
13:30 Feudal Age
16:36 Double-Bit Axe
16:33 Horse Collar
16:44 Gold Mining
19:55 Wheelbarrow
22:36 Castle Age
23:48 Hand Cart
24:34 Medium Warships
24:53 Town Watch
30:13 Imperial Age
28:55 Forging
28:50 Scale Barding Armor
30:58 Iron Casting
30:43 Chain Barding Armor
30:47 Bow Saw
30:31 Stone Mining
32:59 Husbandry
33:18 Bloodlines
33:39 Cavalier
35:08 Conscription
Garabatov
6:18 Loom
14:33 Feudal Age
20:43 Castle Age
19:12 Fletching
24:18 Horse Collar
25:46 Pikeman
Connection lost

Rejoining the realm…

Still unreachable

The connection could not be restored.

Session expired

The server has moved on; the page needs a fresh start.